 Dungeon Crawl Stone Soup version 0.27.0-1-g7a089689b8 (webtiles) character file.

Game seed: 11627571882330884551

138 mainiacjoe the Chopper (level 5, -1/47 HPs)
             Began as a Hill Orc Monk on Aug 9, 2021.
             Slain by Pikel (3 damage)
             ... on level 3 of the Dungeon.
             The game lasted 00:08:40 (3730 turns).

mainiacjoe the Chopper (Hill Orc Monk)              Turns: 3730, Time: 00:08:40

Health: -1/47      AC:  5    Str: 15    XL:     5   Next: 21%
Magic:  5/5        EV: 11    Int: 10    God:
Gold:   143        SH:  0    Dex: 13    Spells: 4/4 levels left

rFire    . . .     SeeInvis .   a - +0 hand axe
rCold    . . .     Faith    .   (no shield)
rNeg     . . .     Spirit   .   j - +0 ring mail
rPois    .         Reflect  .   (no helmet)
rElec    .         Harm     .   (no cloak)
rCorr    .         Rampage  .   (no gloves)
Will     .....                  (no boots)
Stlth    +.........             e - amulet of regeneration
HPRegen  1.15/turn              (no ring)
MPRegen  0.09/turn              (no ring)

@: no status effects
A: no striking features
a: no special abilities


You were on level 3 of the Dungeon.
You visited 1 branch of the dungeon, and saw 4 of its levels.

You collected 143 gold pieces.

Inventory:

Hand Weapons
 a - a +0 hand axe (weapon)
 b - a +0 hunting sling
 p - a +0 flail
Missiles
 f - 88 stones (quivered)
 o - 16 bolts
Armour
 g - a +0 chain mail
 j - a +0 ring mail (worn)
 m - a +0 scale mail
 q - a +0 robe
Jewellery
 e - an amulet of regeneration (around neck)
 w - a ring of magical power
Scrolls
 d - a scroll of enchant weapon {unknown}
 i - a scroll of amnesia {unknown}
 k - a scroll of teleportation {unknown}
 n - a scroll of immolation {unknown}
 t - a scroll of vulnerability {unknown}
Potions
 c - 2 potions of attraction
 l - a potion of curing
 s - a potion of berserk rage {unknown}
 u - a potion of ambrosia {unknown}
 v - a potion of haste {unknown}


   Skills:
 + Level 4.9 Fighting
 * Level 6.6 Axes
 - Level 2.4 Dodging
 - Level 1.5 Stealth


You had 4 spell levels left.
You didn't know any spells.
Your spell library contained the following spells:

 Spells                   Type           Power      Damage    Failure   Level
 Gell's Gravitas          Tloc           0%         N/A       92%         3
 Teleport Other           Tloc           0%         N/A       92%         3
 Conjure Ball Lightning   Conj/Air       0%         3x3d6     100%        6
 Dispersal                Tloc           0%         N/A       100%        6
 Discord                  Hex            0%         N/A       100%        8
 Disjunction              Tloc           0%         N/A       100%        8


Dungeon Overview and Level Annotations

Branches:
Dungeon (4/15)
 Temple: D:4-7

Altars:

Shops:
D:1 (

Annotations:
D:3 2 runed translucent doors, Pikel


Message History

Your ring mail prevents you from hitting Pikel.
Pikel is heavily wounded.
Pikel hits you with a +1 whip of freezing!
Pikel freezes you.
You hit Pikel.
Pikel is heavily wounded.
Pikel completely misses you.
You are too injured to fight recklessly!
You are too injured to fight recklessly!
You are too injured to fight recklessly!
You are too injured to fight recklessly!
You are too injured to fight recklessly!
You barely miss Pikel.
Pikel is heavily wounded.
Pikel hits you with a +1 whip of freezing.
Pikel freezes you.
* * * LOW HITPOINT WARNING * * *
You hit Pikel but do no damage.
Pikel is heavily wounded.
Pikel waves his whip at you. Pikel closely misses you.
You barely miss Pikel.
Pikel is heavily wounded.
Pikel closely misses you.
You hit Pikel but do no damage.
Pikel is heavily wounded.
Pikel hits you with a +1 whip of freezing!
* * * LOW HITPOINT WARNING * * *
Pikel freezes you.
* * * LOW HITPOINT WARNING * * *
You hit Pikel but do no damage.
Pikel is heavily wounded.
Pikel hits you with a +1 whip of freezing.
* * * LOW HITPOINT WARNING * * *
Pikel freezes you.
* * * LOW HITPOINT WARNING * * *
You barely miss Pikel.
Pikel is heavily wounded.
Pikel hits you with a +1 whip of freezing.
You die...

,,,,,,,,,,,*,##.(.#########....##
,,,,,,,,,,,*,,+.(.# #....#
,,,,,,,,,,,***#.(.# #....#
,,,,,,,,,,,* #...# #####....#
,,,,,,,,,,,* #...# #........#
,,,,,,,,,,,* #...# #.[......#
,,,,,,,,,,,* #...# #........#
,,,,,,,,,,,* #.K.# #........#
,,,,,,,,,,,* #.@.# #####....##
,,,,,,,,,,,* #...# ##......
,,,,,,,,,,,* #...# #.......
,,,,,,,,,,,* #...# #.......
************ #...# #...#### #...#
#..## ##### #..# #..#.###
##.#....


You could see Pikel.

Vanquished Creatures
  3 lemures
  An iguana (D:4)
  A hound skeleton (D:4)
  3 adders
  3 gnolls (D:2)
  A worm (D:2)
  3 ball pythons
  3 giant cockroaches
  6 goblins
  3 hobgoblins
  2 quokkas
  7 bats
  3 frilled lizards
  2 kobolds
  4 rats
45 creatures vanquished.

Vanquished Creatures (others)
  A demonic plant (D:1)
  A fungus (D:1)
  A plant (D:1)
  A withered plant (D:1)
4 creatures vanquished.

Grand Total: 49 creatures vanquished

Notes
Turn   | Place    | Note
-------+----------+-------------------------------------------
     0 | D:1      | mainiacjoe the Hill Orc Monk began the quest for the Orb.
     0 | D:1      | Reached XP level 1. HP: 19/19 MP: 1/1
   296 | D:1      | Found a faded altar of an unknown god.
   364 | D:1      | Reached XP level 2. HP: 27/27 MP: 2/2
   641 | D:1      | Found Duoxkono's Antique Weapon Boutique.
  1303 | D:2      | Reached skill level 5 in Axes
  1333 | D:2      | Reached XP level 3. HP: 31/33 MP: 3/3
  2012 | D:2      | Reached XP level 4. HP: 41/41 MP: 4/4
  2199 | D:3      | Reached skill level 6 in Axes
  2223 | D:3      | Found a large runed translucent door.
  2226 | D:3      | Found a large runed translucent door.
  2807 | D:4      | Noticed an ogre
  3072 | D:4      | Noticed a lemure
  3077 | D:4      | Noticed Pikel
  3079 | D:4      | Noticed a lemure
  3083 | D:4      | Noticed a lemure
  3136 | D:3      | Killed a lemure
  3365 | D:4      | Noticed a lemure
  3388 | D:4      | Killed a lemure
  3452 | D:4      | Reached XP level 5. HP: 39/47 MP: 5/5
  3579 | D:2      | Killed a lemure
  3729 | D:3      | HP: 1/47 [Pikel (2)]
  3730 | D:3      | Slain by Pikel

Illustrated notes

Levels and vault maps discovered:
D:1:      roderic_octagonal_star, layout_rooms, shapermc_ecumenical_altar_gd,
          serial_shops, shop_statue
D:2:      layout_loops_cross, grunt_ministairs_2
D:3:      layout_basic, jmf_multi_god_temple2
D:4:      layout_loops_ring, uniq_pikel, uniq_robin

Skill      XL: |  1  2  3  4 |
---------------+-------------+-----
Fighting       | 4 |  4.9
Axes           | 5 6 |  6.6
Dodging        | |  2.4
Stealth        | |  1.5

Action                   |  1- 3 |  4- 6 || total
-------------------------+-------+-------++-------
Melee: Hand axe          |   104 |   199 ||   303
 Fire: Hunting sling     |       |    16 ||    16
Throw: Stone             |    77 |    34 ||   111
       Throwing net      |       |     1 ||     1
  Use: Scroll            |       |     2 ||     2
 Stab: Sleeping          |     1 |       ||     1
       Held in net/web   |       |     2 ||     2
Armor: Chain mail        |     5 |       ||     5
       Ring mail         |    22 |    43 ||    65
Dodge: Dodged            |    56 |    96 ||   152
